 Dungeon Crawl Stone Soup version 0.26.1-11-gd32895ea62 (webtiles) character file.

Game seed: 1481834885900036044

301829 raph the Earth Mage (level 21, -5/132 HPs)
             Began as a Gargoyle Earth Elementalist on May 22, 2021.
             Was the Champion of Kikubaaqudgha.
             Killed from afar by Boris (49 damage)
             ... with an iron shot
             ... on level 3 of the Vaults.
             The game lasted 02:51:29 (68664 turns).

raph the Earth Mage (Gargoyle Earth Elementalist)  Turns: 68664, Time: 02:51:30

Health: -5/132     AC: 43    Str: 19    XL:     21   Next: 5%
Magic:  12/36      EV: 21    Int: 27    God:    Kikubaaqudgha [******]
Gold:   978        SH: 13    Dex: 20    Spells: 3/42 levels left

rFire    . . .     SeeInvis +   b - +9 morningstar of Ehe Omaz {vorpal, rC- rN+ Will+ Dex+6}
rCold    x . .     Faith    .   U - +2 buckler {AC+3}
rNeg     + + .     Spirit   .   D - +2 steam dragon scales
rPois    ∞         Reflect  +   g - +2 helmet {SInv}
rElec    +         Harm     .   s - +2 cloak
rCorr    +         Rampage  .   q - +2 pair of gloves {Str+3}
Will     ++...                  B - +2 pair of boots {Stlth+}
Stlth    +++.......             t - amulet of reflection
HPRegen  0.32/turn              f - +6 ring of intelligence
MPRegen  0.25/turn              T - ring of Oppuevau {rCorr Str+3}

@: mighty, death channel, flying
A: big wings, negative energy resistance 1, electricity resistance, unbreathing,
petrification resistance, miasma immunity, AC +16
}: 2/15 runes: decaying, serpentine
a: Stop Flying, Renounce Religion, Receive Corpses, Torment


You were on level 3 of the Vaults.
You worshipped Kikubaaqudgha.
Kikubaaqudgha was exalted by your worship.
You visited 6 branches of the dungeon, and saw 34 of its levels.
You visited the Abyss 1 time.

You collected 3408 gold pieces.
You spent 2430 gold pieces at shops.

Inventory:

Hand Weapons
 a - a +9 demon whip of pain
 b - the +9 morningstar of Ehe Omaz (weapon) {vorpal, rC- rN+ Will+ Dex+6}
   (You found it on level 4 of the Lair of Beasts)

   It inflicts extra damage upon your enemies.
   It affects your dexterity (+6).
   It makes you vulnerable to cold.
   It protects you from negative energy.
   It affects your willpower, your defense against some magical effects.
Missiles
 y - 753 stones
Armour
 g - a +2 helmet of see invisible (worn)
 q - a +2 pair of gloves of strength (worn)
 s - a +2 cloak (worn)
 B - a +2 pair of boots of stealth (worn)
 D - +2 steam dragon scales (worn)
 U - a +2 buckler of protection (worn)
Magical Staves
 A - an uncursed staff of cold
Jewellery
 f - a +6 ring of intelligence (left hand)
 i - an uncursed amulet of regeneration
 t - an amulet of reflection (around neck)
 v - an uncursed ring of fire
 z - the ring "Rodghef" {Will+ Int+4}
   (You took it off a naga on level 1 of the Snake Pit)

   [ring of willpower]

   It affects your intelligence (+4).
   It affects your willpower, your defense against some magical effects.
 T - the ring of Oppuevau (right hand) {rCorr Str+3}
   (You found it on level 10 of the Dungeon)

   [ring of resist corrosion]

   It affects your strength (+3).
   It provides partial protection from all sources of acid and corrosion.
Wands
 c - a wand of iceblast (26)
 o - a wand of polymorph (2)
 u - a wand of acid (16)
 F - a wand of disintegration (13)
 G - a wand of paralysis (40)
 K - a wand of flame (75)
 N - a wand of digging (15)
Scrolls
 d - 14 scrolls of remove curse
 k - 2 scrolls of fog
 w - a scroll of brand weapon
 x - 18 scrolls of teleportation
 H - 3 scrolls of blinking
 O - 9 scrolls of identify
 Q - 2 scrolls of summoning
 R - 5 scrolls of amnesia
 S - 3 scrolls of fear
 V - 7 scrolls of magic mapping
Potions
 e - 2 potions of ambrosia
 h - 4 potions of brilliance
 j - 16 potions of curing
 l - 6 potions of heal wounds
 m - 2 potions of might
 n - a potion of magic
 p - 5 potions of invisibility
 C - 6 potions of mutation
 J - 3 potions of cancellation
 M - 6 potions of haste
 Z - a potion of resistance
Miscellaneous
 r - a condenser vane
 I - a phial of floods
 W - a lightning rod (4/4)
 X - a phantom mirror


   Skills:
 + Level 14.1 Fighting
 - Level 12.0 Maces & Flails
 + Level 12.6 Armour
 + Level 10.7 Dodging
 - Level 5.9 Stealth
 - Level 4.0 Shields
 - Level 11.4 Spellcasting
 * Level 14.9 Necromancy
 - Level 2.9 Translocations
 - Level 0.7 Transmutations
 - Level 5.8 Ice Magic
 * Level 18.4 Earth Magic
 - Level 5.8 Evocations


You had 3 spell levels left.
You knew the following spells:

 Your Spells              Type           Power        Failure   Level
a - Sandblast             Erth           100%         0%          1
b - Passwall              Tmut/Erth      50%          1%          2
c - Stone Arrow           Conj/Erth      100%         1%          3
d - Lee's Rapid Deconstr  Erth           43%          1%          5
e - Animate Skeleton      Necr           100%         0%          1
f - Blink                 Tloc           N/A          1%          2
g - Borgnjor's Vile Clut  Necr/Erth      40%          1%          5
h - Vampiric Draining     Necr           38%          1%          3
i - Agony                 Necr           77%          1%          5
j - Death Channel         Necr           38%          1%          6
k - Simulacrum            Ice/Necr       32%          8%          6

Your spell library contained the following spells:

 Spells                   Type           Power        Failure   Level
 Pain                     Necr           100%         0%          1
 Corpse Rot               Necr/Air       N/A          1%          2
 Ensorcelled Hibernation  Hex/Ice        62%          1%          2
 Corona                   Hex            16%          3%          1
 Magic Dart               Conj           60%          3%          1
 Shock                    Conj/Air       60%          3%          1
 Gell's Gravitas          Tloc           15%          3%          3
 Lesser Beckoning         Tloc           15%          3%          3
 Teleport Other           Tloc           31%          3%          3
 Call Imp                 Summ           15%          5%          2
 Slow                     Hex            15%          5%          2
 Swiftness                Air            15%          5%          2
 Portal Projectile        Hex/Tloc       46%          6%          3
 Ignite Poison            Fire/Tmut/Pois 16%          10%         3
 Confusing Touch          Hex            15%          11%         3
 Conjure Flame            Conj/Fire      15%          11%         3
 Dazzling Flash           Conj/Hex       30%          11%         3
 Inner Flame              Hex/Fire       15%          11%         3
 Mephitic Cloud           Conj/Pois/Air  15%          11%         3
 Static Discharge         Conj/Air       15%          11%         3
 Tukima's Dance           Hex            15%          11%         3
 Dispel Undead            Necr           77%          1%          4
 Leda's Liquefaction      Hex/Erth       30%          1%          4
 Petrify                  Tmut/Erth      61%          1%          4
 Passage of Golubria      Tloc           N/A          11%         4
 Airstrike                Air            7%           36%         4
 Cause Fear               Hex            7%           36%         4
 Alistair's Intoxication  Tmut/Pois      11%          65%         5
 Irradiate                Conj/Tmut      8%           65%         5
 Yara's Violent Unravell  Hex/Tmut       8%           65%         5
 Lightning Bolt           Conj/Air       7%           71%         5
 Silence                  Hex/Air        7%           71%         5
 Eringya's Noxious Bog    Tmut/Pois      8%           99%         6
 Discord                  Hex            7%           100%        8
 Sublimation of Blood     Necr           Unusable     N/A         2

Dungeon Overview and Level Annotations

Branches:
Dungeon (15/15)            Temple (0/1) D:7            Lair (6/6) D:8
  Swamp (4/4) Lair:3        Snake (4/4) Lair:4        Slime (0/5) Lair:5
    Orc (2/2) D:12            Elf (0/3) Orc:2        Vaults (3/5) D:14
  Crypt (0/3) Vaults:2     Depths (0/5) D:15

Altars:
Cheibriados
Dithmenos
Elyvilon
Gozag
Kikubaaqudgha
Makhleb
Nemelex Xobeh
Ru
Vehumet
Xom
The Shining One

Shops:
D:4 }   Orc:2 (??}(   Snake:1 ==}}   Snake:2 [:=   Snake:3 ?![   Vaults:1 ?

Annotations:
D:15 1 runed translucent door
Lair:6 3 runed translucent doors, 1 exclusion, Nutum's ghost, journeyman OpTm; infcreate's ghost, journeyman HuBe
Snake:1 1 runed translucent door
Vaults:1 2 runed translucent doors, Doefiu's ghost, adept OgHu
Vaults:2 1 exclusion, Mennas
Vaults:3 Boris


Innate Abilities, Weirdness & Mutations

You are resistant to torment.
Your stone body is resilient. (AC +16)
You are immune to poison.
Your large and strong wings let you fly indefinitely.
You resist negative energy. (rN+)
You are resistant to electric shocks. (rElec)
You can survive without breathing.
You are immune to petrification.
You are immune to miasma.


Message History

You block the deep troll's attack. The deep troll closely misses you.
You block the deep troll's attack. The deep troll barely misses you.
You block the deep troll's attack.
The deep troll claws you but does no damage.
Your spectral ice dragon closely misses Boris.
Your spectral ice dragon claws Boris but does no damage.
Your spectral ice dragon barely misses Boris.
You hit Boris.
Boris is heavily damaged.
Boris casts a spell at you.
The bolt of cold hits you but does no damage.
Your spectral ice dragon completely misses Boris.
Your spectral ice dragon claws Boris but does no damage.
Your spectral ice dragon tramples Boris but does no damage.
You puncture Boris!
Boris is heavily damaged.
Boris casts a spell at you. The iron shot hits you!!!
You die...
Kikubaaqudgha rasps: "You have failed me!
Welcome... oblivion!"

#...........#.#
#.....#.....#.#
..#....###....#.#
#.#...........#.#
#.#..#.....#..#.#
#.#.##.....##.#.#
#.#..#.....#..#.#
#.#..........ZLT#
#.'....###...@#T#
#.'.....#.....#...
####.#...........#T?...
.....#############.......
............ .......
.....[...... .......
'########### #######
..#...# #.#.#)#


You could see Boris (invisible), a deep troll and a friendly spectral ice
dragon.

Vanquished Creatures
  Vashnia (Snake:3)
  Jory (Vaults:3)
  Jorgrun (Snake:2)
  A lich (Vaults:2)
  A thorn hunter (Swamp:3)
  Roxanne (Swamp:4)
  Gastronok (Lair:2)
  Agnes (Snake:2)
  11 nagarajas
  A deep elf sorcerer (Vaults:1)
  Aizul (Vaults:1)
  2 vault wardens
  Louise (Swamp:4)
  5 ironheart preservers
  4 very ugly things (Vaults:1)
  A deep elf demonologist (Vaults:1)
  Nessos (D:15)
  Azrael (D:15)
  A dire elephant (Lair:6)
  4 bunyips (Swamp:2)
  A deep elf death mage (Vaults:2)
  4 eleionomae
  A mummy priest (D:14)
  3 yaktaur captains
  2 vault guards (Vaults:1)
  6 ogre magi
  15 naga warriors
  3 ghost crabs
  An ice dragon (Vaults:3)
  19 hydras
  A rakshasa (Vaults:2)
  3 catoblepae
  5 centaur warriors
  2 boulder beetles
  16 anacondas
  2 death knights
  21 two-headed ogres
  3 tengu warriors (D:15)
  12 death yaks
  9 alligators
  11 naga sharpshooters
  3 orc high priests (Orc:2)
  8 shock serpents
  A deep elf knight (Vaults:1)
  Nergalle (Lair:3)
  13 skeletal warriors
  2 unseen horrors (D:14)
  2 salamander mystics
  5 goliath frogs
  5 wizards
  A deep elf archer (Vaults:1)
  A flayed ghost (Vaults:2)
  11 swamp dragons
  2 harpies (Vaults:1)
  3 bog bodies
  2 starcursed masses (Abyss:3)
  4 spriggan druids
  11 naga ritualists
  4 lindwurms
  6 ironbrand convokers
  A phantasmal warrior (D:11)
  A wolf spider (Vaults:2)
  3 deep elf magi
  11 orc knights
  4 orc sorcerers (Orc:2)
  A wolf spider zombie (D:15)
  9 mana vipers
  A necromancer (D:14)
  3 will-o-the-wisps
  14 salamanders
  25 ugly things
  7 manticores
  Joseph (D:7)
  Maurice (D:7)
  36 black mambas
  23 elephants
  3 vault sentinels
  5 centaur skeletons
  11 guardian serpents
  15 naga magi
  2 torpor snails (Lair:5)
  15 cane toads
  Maggie (D:8)
  20 yaktaurs
  10 rime drakes
  An efreet (D:15)
  4 guardian mummies (D:14)
  11 komodo dragons
  4 freezing wraiths
  7 trolls
  A queen bee (shapeshifter) (Vaults:3)
  4 polar bears
  Grinder (D:6)
  14 blink frogs
  10 hornets
  6 tyrant leeches
  15 dream sheep
  3 slime creatures (Vaults:1)
  3 centaur simulacra
  Sigmund (D:3)
  7 spriggans
  12 wyverns
  2 vampires
  4 wraiths
  39 yaks
  6 fire elementals
  2 fire bats (Lair:1)
  Grum (D:8)
  5 water elementals (D:14)
  10 basilisks
  3 steam dragons
  5 vampire mosquitoes
  Menkaure (D:14)
  15 swamp worms
  43 nagas
  4 wargs
  3 acid dragons
  21 water moccasins
  9 hell hounds
  7 swamp drakes
  3 ice beasts
  29 orc warriors
  3 phantoms
  2 black bears
  An eye of draining (shapeshifter) (Vaults:3)
  An eye of draining (D:11)
  21 ogres
  24 wolves
  6 centaurs
  3 big kobolds
  Blork the orc (D:4)
  18 bullfrogs
  A gnoll sergeant (D:7)
  A wyvern skeleton (D:15)
  4 scorpions
  A human simulacrum (Vaults:2)
  10 killer bees
  8 howler monkeys
  3 wights (D:12)
  A vampire bat (Lair:2)
  4 electric eels
  A lava snake (Lair:1)
  3 bullfrog zombies
  21 orc priests
  7 centaur zombies
  A wyvern simulacrum (D:10)
  4 hounds
  A jelly (D:6)
  8 iguanas
  A bullfrog skeleton (D:9)
  Ijyb (D:3)
  4 hell rats
  34 orc wizards
  10 worker ants
  2 hound zombies (D:7)
  2 mummies (D:14)
  A hound skeleton (D:4)
  3 worker ant zombies
  11 gnolls
  12 adders
  A hound simulacrum (D:10)
  3 shadow imps
  4 white imps
  4 ufetubi
  An ooze (D:1)
  2 adder skeletons
  A worm (D:6)
  4 dart slugs
  8 leopard geckos
  112 orcs
  18 bats
  2 giant cockroaches
  10 goblins
  6 hobgoblins
  4 quokkas
  2 ball pythons
  A frilled lizard (D:4)
  20 kobolds
  2 leopard gecko skeletons
  A quokka skeleton (D:4)
  2 rats
1253 creatures vanquished.

Vanquished Creatures (collateral kills)
  6 nagarajas (Snake:4)
  A very ugly thing (Vaults:1)
  2 bunyips
  A shambling mangrove (Swamp:4)
  3 hydras
  A rakshasa (Vaults:2)
  3 naga warriors
  3 ghost crabs
  8 anacondas
  An alligator (Swamp:2)
  A death yak (Lair:5)
  An orc high priest (Orc:2)
  A shock serpent (Snake:4)
  A naga sharpshooter (Snake:3)
  A salamander mystic (Snake:4)
  An ironbrand convoker (Vaults:2)
  A spriggan druid (Swamp:3)
  A glowing orange brain (Vaults:2)
  4 goliath frogs
  2 swamp dragons
  4 naga ritualists
  A bog body (Swamp:3)
  2 harpies (Vaults:1)
  2 orc knights (Vaults:1)
  6 mana vipers
  4 salamanders
  2 elephants
  A will-o-the-wisp (Swamp:4)
  7 ugly things
  5 guardian serpents (Snake:4)
  4 black mambas
  7 naga magi (Snake:4)
  4 yaktaurs
  2 tyrant leeches
  2 hornets
  A jumping spider (shapeshifter) (Vaults:2)
  2 blink frogs
  2 spriggans
  A yak (D:8)
  A vampire mosquito (Swamp:1)
  7 nagas
  A warg (Vaults:1)
  A swamp worm (Swamp:2)
  3 orc warriors
  A swamp drake (Swamp:3)
  2 ogres (Vaults:2)
  A wolf (Lair:6)
  A scorpion (D:7)
  3 orc priests
  4 orc wizards
  8 orcs
  A goblin (D:8)
136 creatures vanquished.

Vanquished Creatures (others)
  A guardian serpent (Snake:4)
  A naga mage (Snake:4)
  4 bloated husks
  2 swamp worms
  2 orcs
  4 bushes
  14 foxfires
  82 fungi
  124 plants
  6 withered plants (Lair:6)
240 creatures vanquished.

Grand Total: 1629 creatures vanquished

Notes
Turn   | Place    | Note
-------+----------+-------------------------------------------
     0 | D:1      | raph the Gargoyle Earth Elementalist began the quest for
                  | the Orb.
     0 | D:1      | Reached XP level 1. HP: 10/10 MP: 3/3
   338 | D:1      | You fall into a shaft and drop 1 floor!
   482 | D:2      | Reached XP level 2. HP: 12/15 MP: 5/5
   732 | D:2      | Learned a level 2 spell: Passwall
   736 | D:2      | Reached skill level 4 in Earth Magic
  1181 | D:1      | Reached XP level 3. HP: 18/19 MP: 6/6
  1185 | D:1      | Learned a level 3 spell: Stone Arrow
  1976 | D:2      | Found an ancient bone altar of Kikubaaqudgha.
  1976 | D:2      | Found a sparkling altar of Nemelex Xobeh.
  1981 | D:2      | Became a worshipper of Kikubaaqudgha
  2652 | D:3      | Found a faded altar of an unknown god.
  2666 | D:3      | Noticed Sigmund
  2673 | D:3      | Killed Sigmund
  2674 | D:3      | Reached skill level 1 in Necromancy
  2674 | D:3      | Reached skill level 5 in Earth Magic
  2674 | D:3      | Reached XP level 4. HP: 24/24 MP: 2/8
  2674 | D:3      | Reached XP level 5. HP: 28/28 MP: 2/9
  2953 | D:3      | Reached XP level 6. HP: 32/32 MP: 5/10
  3262 | D:3      | Learned a level 5 spell: Lee's Rapid Deconstruction
  3292 | D:3      | Found a radiant altar of Vehumet.
  3335 | D:3      | Reached * piety under Kikubaaqudgha
  3335 | D:3      | Identified Kikubaaqudgha's Grimoire of Stolen Souls
                  | (Kikubaaqudgha gifted it to you on level 3 of the Dungeon)
  3335 | D:3      | Received a gift from Kikubaaqudgha
  3412 | D:3      | Noticed Ijyb
  3888 | D:3      | Killed Ijyb
  4153 | D:4      | Reached skill level 6 in Earth Magic
  4320 | D:4      | Reached XP level 7. HP: 36/36 MP: 8/11
  4523 | D:3      | Learned a level 1 spell: Animate Skeleton
  4552 | D:4      | Got a shimmering pewter ring
  4607 | D:4      | Identified the ring of Waulid {*Tele Int+3} (You found it
                  | on level 4 of the Dungeon)
  4633 | D:4      | Reached ** piety under Kikubaaqudgha
  5630 | D:4      | Noticed Blork the orc
  5636 | D:4      | Killed Blork the orc
  6007 | D:4      | Found Ymeuliri's Gadget Emporium.
  6082 | D:5      | Entered Level 5 of the Dungeon
  6361 | D:5      | Reached skill level 7 in Earth Magic
  6490 | D:5      | Reached XP level 8. HP: 41/41 MP: 9/13
  6725 | D:5      | Found a shimmering altar of Xom.
  6816 | D:5      | Found a burning altar of Makhleb.
  6976 | D:5      | Learned a level 2 spell: Blink
  7162 | D:6      | Reached skill level 5 in Stealth
  7236 | D:6      | Noticed Grinder
  7285 | D:6      | Killed Grinder
  7821 | D:6      | Reached skill level 8 in Earth Magic
  9067 | D:7      | Reached *** piety under Kikubaaqudgha
  9067 | D:7      | Identified Kikubaaqudgha's Compendium of Black Magic
                  | (Kikubaaqudgha gifted it to you on level 7 of the Dungeon)
  9067 | D:7      | Received a gift from Kikubaaqudgha
  9076 | D:7      | Noticed Joseph
  9084 | D:6      | Reached XP level 9. HP: 20/45 MP: 0/15
  9610 | D:7      | Killed Joseph
  9611 | D:7      | Reached skill level 9 in Earth Magic
  9815 | D:7      | Found a staircase to the Ecumenical Temple.
 10026 | D:7      | Reached skill level 5 in Spellcasting
 10271 | D:7      | Found a glowing golden altar of the Shining One.
 10901 | D:7      | Reached skill level 1 in Shields
 10901 | D:7      | Reached skill level 10 in Earth Magic
 11263 | D:8      | Noticed Maurice
 11411 | D:7      | Reached skill level 5 in Necromancy
 11595 | D:8      | Noticed Grum
 11598 | D:8      | Reached XP level 10. HP: 50/50 MP: 7/18
 11843 | D:7      | Learned a level 5 spell: Borgnjor's Vile Clutch
 12249 | D:7      | Killed Maurice
 12462 | D:8      | Found a snail-covered altar of Cheibriados.
 12462 | D:8      | Found a white marble altar of Elyvilon.
 12467 | D:8      | Found a glowing golden altar of the Shining One.
 12468 | D:8      | Found a sacrificial altar of Ru.
 12494 | D:8      | Killed Grum
 12494 | D:8      | Reached **** piety under Kikubaaqudgha
 12963 | D:8      | Reached skill level 11 in Earth Magic
 13259 | D:8      | Noticed a two-headed ogre
 13264 | D:8      | Killed a two-headed ogre
 13812 | D:8      | Found a staircase to the Lair.
 13945 | D:8      | Reached skill level 12 in Earth Magic
 14111 | D:8      | Reached XP level 11. HP: 54/54 MP: 15/19
 14113 | D:8      | Reached skill level 1 in Maces & Flails
 14268 | D:8      | Reached skill level 1 in Fighting
 14349 | Lair:1   | Entered Level 1 of the Lair of Beasts
 14801 | Lair:1   | Noticed an eight-headed hydra
 15032 | Lair:1   | Killed an eight-headed hydra
 15256 | D:8      | Noticed Maggie
 15268 | D:8      | Killed Maggie
 15559 | Lair:1   | Reached skill level 1 in Translocations
 15908 | Lair:1   | Reached skill level 5 in Maces & Flails
 16048 | Lair:1   | Noticed an eight-headed hydra
 16114 | Lair:1   | Killed an eight-headed hydra
 16143 | Lair:1   | Reached XP level 12. HP: 41/64 MP: 4/20
 16668 | Lair:1   | Reached ***** piety under Kikubaaqudgha
 16670 | Lair:1   | Reached skill level 1 in Armour
 16891 | Lair:1   | Got a smoking tower shield
 16902 | Lair:1   | Identified the +1 tower shield "Saqio" {rElec rF- Dex+8}
                  | (You found it on level 1 of the Lair of Beasts)
 17403 | Lair:2   | Got an ichor-stained leather armour
 17420 | Lair:2   | Identified the +0 leather armour of Mitzueq {*Corrode rF+
                  | Will+ Str+4} (You found it on level 2 of the Lair of
                  | Beasts)
 17474 | Lair:2   | Noticed a catoblepas
 17510 | Lair:2   | Killed a catoblepas
 18014 | Lair:2   | Learned a level 3 spell: Vampiric Draining
 18527 | Lair:2   | Noticed Gastronok
 18535 | Lair:2   | Killed Gastronok
 18536 | Lair:2   | Reached skill level 5 in Dodging
 19073 | Lair:3   | Noticed Nergalle
 19079 | Lair:3   | Killed Nergalle
 19230 | Lair:3   | Reached skill level 5 in Fighting
 19369 | Lair:3   | Found a staircase to the Swamp.
 19379 | Lair:3   | Reached XP level 13. HP: 72/72 MP: 16/21
 21593 | Lair:4   | Reached skill level 5 in Armour
 21883 | Lair:4   | Got a transparent morningstar
 21884 | Lair:4   | Identified the +9 morningstar of Ehe Omaz {vorpal, rC- rN+
                  | Will+ Dex+6} (You found it on level 4 of the Lair of
                  | Beasts)
 22392 | Lair:4   | Found a staircase to the Snake Pit.
 23390 | Lair:5   | Reached skill level 10 in Maces & Flails
 23920 | Lair:5   | You fall into a shaft and drop 1 floor!
 23920 | Lair:6   | Entered Level 6 of the Lair of Beasts
 24197 | Lair:5   | Gained mutation: Your large and strong wings let you fly
                  | indefinitely. [Gargoyle growth]
 24197 | Lair:5   | Reached XP level 14. HP: 76/80 MP: 6/24
 24496 | Lair:5   | Reached ****** piety under Kikubaaqudgha
 24526 | Lair:5   | Identified a +7 demon whip of pain (a +5 demon whip of
                  | venom bloodied by Kikubaaqudgha)
 24526 | Lair:5   | Received a gift from Kikubaaqudgha
 24648 | Lair:5   | Found a staircase to the Slime Pits.
 25385 | Lair:6   | Learned a level 5 spell: Agony
 25430 | Lair:6   | Reached skill level 10 in Necromancy
 26931 | Lair:6   | Noticed a dire elephant
 27789 | Lair:6   | Found a runed translucent gate.
 27789 | Lair:6   | Found a runed translucent gate.
 27845 | Lair:6   | Found a runed translucent gate.
 27845 | Lair:6   | Noticed Nutum's ghost (journeyman OpTm)
 27846 | Lair:6   | Noticed infcreate's ghost (journeyman HuBe)
 28646 | Lair:6   | Killed a dire elephant
 28850 | Lair:6   | Reached XP level 15. HP: 79/88 MP: 2/27
 31500 | D:10     | Entered Level 10 of the Dungeon
 31657 | D:10     | Reached skill level 13 in Earth Magic
 32633 | D:10     | Got a shimmering wooden ring
 32635 | D:10     | Identified the ring of Oppuevau {rCorr Str+3} (You found it
                  | on level 10 of the Dungeon)
 34999 | D:12     | Found a staircase to the Orcish Mines.
 36284 | D:4      | Bought a condenser vane for 560 gold pieces
 36458 | Orc:1    | Entered Level 1 of the Orcish Mines
 36468 | D:12     | Learned a level 6 spell: Death Channel
 36860 | Orc:2    | Entered Level 2 of the Orcish Mines
 36860 | Orc:2    | Found Hyce's Antique Weapon Emporium.
 38065 | Orc:2    | Found Quaseveq's Magic Scroll Boutique.
 38065 | Orc:2    | Found Jasyjar's Magic Scroll Shoppe.
 38068 | Orc:2    | Found Ceohio's Weapon Boutique.
 38068 | Orc:2    | Found Exyry's Gadget Shoppe.
 38080 | Orc:2    | Bought a scroll of enchant weapon for 90 gold pieces
 38086 | Orc:2    | Bought a scroll of blinking for 90 gold pieces
 38086 | Orc:2    | Bought a scroll of identify for 24 gold pieces
 38086 | Orc:2    | Bought a scroll of fear for 42 gold pieces
 38086 | Orc:2    | Bought a scroll of identify for 24 gold pieces
 38086 | Orc:2    | Bought a scroll of teleportation for 36 gold pieces
 38086 | Orc:2    | Bought a scroll of magic mapping for 42 gold pieces
 38091 | Orc:2    | Bought a scroll of magic mapping for 42 gold pieces
 38091 | Orc:2    | Bought a scroll of identify for 24 gold pieces
 38091 | Orc:2    | Bought a scroll of teleportation for 36 gold pieces
 38091 | Orc:2    | Bought a scroll of teleportation for 36 gold pieces
 38200 | Orc:2    | Found a staircase to the Elven Halls.
 39534 | D:4      | Bought a lightning rod (4/4) for 420 gold pieces
 39534 | D:4      | Bought a phantom mirror for 560 gold pieces
 40013 | D:13     | Got a steaming robe
 40024 | D:13     | Identified the +0 robe of Daisies {Will++} (You found it on
                  | level 13 of the Dungeon)
 40081 | D:13     | Reached skill level 10 in Spellcasting
 40248 | D:13     | Reached skill level 1 in Evocations
 40261 | D:13     | Reached XP level 16. HP: 93/96 MP: 2/30
 41388 | D:14     | Noticed Menkaure
 41392 | D:14     | Killed Menkaure
 41662 | D:14     | Found a shadowy altar of Dithmenos.
 41831 | D:14     | Found a gate to the Vaults.
 42803 | D:15     | Entered Level 15 of the Dungeon
 43414 | D:15     | Found a runed translucent door.
 43468 | D:15     | Noticed a shadow dragon
 43469 | D:15     | Noticed a fenstrider witch
 43469 | D:15     | a shadow dragon changed into a fenstrider witch
 43472 | D:15     | Noticed a quicksilver dragon
 43472 | D:15     | a fenstrider witch changed into a quicksilver dragon
 43475 | D:15     | Noticed a shadow dragon
 43475 | D:15     | a quicksilver dragon changed into a shadow dragon
 43480 | D:15     | Noticed a quicksilver dragon
 43480 | D:15     | a shadow dragon changed into a quicksilver dragon
 43488 | D:15     | Noticed a fenstrider witch
 43488 | D:15     | a quicksilver dragon changed into a fenstrider witch
 43489 | D:15     | a fenstrider witch changed into a stone giant
 43492 | D:15     | Noticed an azure jelly
 43492 | D:15     | a fire giant changed into an azure jelly
 43566 | D:15     | Noticed Nessos
 43572 | D:15     | Killed Nessos
 43981 | D:15     | Reached skill level 14 in Earth Magic
 44000 | D:15     | Reached skill level 10 in Fighting
 44437 | D:15     | Noticed Azrael
 44442 | D:15     | Killed Azrael
 44899 | D:15     | Found a staircase to the Depths.
 45526 | Swamp:1  | Entered Level 1 of the Swamp
 45889 | Swamp:1  | Found an opulent altar of Gozag.
 46385 | Swamp:1  | Reached XP level 17. HP: 103/103 MP: 20/31
 46391 | Swamp:1  | Reached skill level 10 in Armour
 49916 | Swamp:4  | Entered Level 4 of the Swamp
 49921 | Swamp:4  | Reached skill level 5 in Evocations
 50577 | Swamp:4  | Noticed Louise
 51022 | Swamp:4  | Killed Louise
 51515 | Swamp:4  | Reached skill level 15 in Earth Magic
 51664 | Swamp:4  | Reached XP level 18. HP: 110/110 MP: 12/33
 51937 | Swamp:4  | Got a decaying rune of Zot
 51944 | Swamp:4  | Identified Roxanne's Grimoire of Shape Shifting
 51944 | Swamp:4  | Noticed Roxanne
 51949 | Swamp:4  | Killed Roxanne
 52310 | Snake:1  | Entered Level 1 of the Snake Pit
 52368 | Snake:1  | Learned a level 6 spell: Simulacrum
 52505 | Snake:1  | Identified the ring "Rodghef" {Will+ Int+4}
 52667 | Snake:1  | Found Dicuq's Gadget Boutique.
 52713 | Snake:1  | Reached skill level 1 in Ice Magic
 53056 | Snake:1  | Found a runed translucent door.
 54139 | Snake:1  | Found Sigem's Gadget Shoppe.
 54139 | Snake:1  | Found Gimux's Jewellery Boutique.
 54140 | Snake:1  | Found Busymo's Jewellery Boutique.
 54544 | Snake:2  | Noticed Agnes
 54550 | Snake:2  | Killed Agnes
 54689 | Snake:2  | Noticed Jorgrun
 54696 | Snake:2  | Killed Jorgrun
 55478 | Snake:2  | Found Atsin's Book Shoppe.
 55482 | Snake:2  | Found Plog's Assorted Antiques.
 55482 | Snake:2  | Found Geruic's Jewellery Shoppe.
 55483 | Snake:2  | Found Nidos's Antique Armour Shoppe.
 56917 | Snake:3  | Found Leoxzya's Magic Scroll Shop.
 56919 | Snake:3  | Found Xaqiot's Distillery.
 56922 | Snake:3  | Found Viquwkoa's Antique Armour Shop.
 56960 | Snake:3  | Noticed Vashnia
 57480 | Snake:3  | Bought a potion of heal wounds for 90 gold pieces
 57480 | Snake:3  | Bought a potion of brilliance for 72 gold pieces
 57780 | Snake:3  | Reached XP level 19. HP: 77/117 MP: 4/34
 57789 | Snake:3  | Killed Vashnia
 57790 | Snake:3  | Reached skill level 16 in Earth Magic
 57812 | Snake:3  | Reached skill level 5 in Ice Magic
 58982 | Snake:4  | Entered Level 4 of the Snake Pit
 62628 | Snake:4  | Reached skill level 17 in Earth Magic
 62793 | Snake:4  | Reached skill level 10 in Dodging
 62935 | Snake:4  | Got a serpentine rune of Zot
 62944 | Snake:4  | Reached XP level 20. HP: 117/124 MP: 25/35
 63495 | Vaults:1 | Entered Level 1 of the Vaults
 63813 | Vaults:1 | Found Idibutegh's Magic Scroll Shoppe.
 63826 | Vaults:1 | Bought a scroll of enchant armour for 165 gold pieces
 63826 | Vaults:1 | Bought a scroll of magic mapping for 77 gold pieces
 64188 | Vaults:1 | Cast into level 3 of the Abyss (a wizard)
 64287 | Vaults:1 | Escaped the Abyss
 64444 | Vaults:1 | Noticed Aizul
 64451 | Vaults:1 | Killed Aizul
 66292 | Vaults:1 | Found a large runed translucent door.
 66292 | Vaults:1 | Found a large runed translucent door.
 66294 | Vaults:1 | Noticed Doefiu's ghost (adept OgHu)
 66664 | Vaults:2 | Noticed Mennas
 66941 | Vaults:2 | Reached skill level 18 in Earth Magic
 67164 | Vaults:2 | Noticed a Tzitzimitl
 68498 | Vaults:3 | Reached XP level 21. HP: 132/132 MP: 36/36
 68622 | Vaults:3 | Noticed Jory
 68625 | Vaults:3 | Noticed Boris
 68645 | Vaults:3 | Killed Jory
 68664 | Vaults:3 | Killed from afar by Boris

Illustrated notes

Levels and vault maps discovered:
D:1:      matt_arrival_los_fun, layout_loops_ring, minmay_misc_feat_rows
D:2:      layout_loops_corners, gammafunk_temple_overflow_statue
D:3:      layout_basic, vehumet_crystals, chequers_ecumenical_altar_simple,
          uniq_ijyb, uniq_sigmund
D:4:      layout_cave_pods, serial_shops, kennysheep_little_box,
          minmay_misc_feat_doors, serial_bayou_pond_d,
          hangedman_minor_gate_pass, uniq_blork_the_orc
D:5:      layout_gridville, basic_altar, makhleb_blood_cavern_becter
D:6:      layout_layer_cave, uniq_grinder
D:7:      layout_rooms, minmay_temple_entry_statues_pillars,
          nicolae_tso_carved_into_rock, uniq_joseph
D:8:      layout_rooms, minitemple, minmay_lair_entry_grove, enter_bailey_5,
          kennysheep_generic_room_2, uniq_grum, uniq_maurice, uniq_maggie
D:9:      layout_basic
D:10:     layout_cave_pools, serial_ice, serial_ice_i, serial_ice_f,
          serial_ice_h, serial_ice_o, serial_ice_b, serial_ice_m,
          minmay_parallelograms, eino_jars
D:11:     layout_basic
D:12:     layout_roguey, orc_0_dummy, eino_tiny_chamber
D:13:     layout_gridville
D:14:     ragdoll_tomb_raider, layout_basic, david_vaults_1,
          grunt_dithmenos_smoke
D:15:     grunt_enter_depths_magical_seal, layout_loops_ring, nicolae_sextant,
          wad_hexagon, uniq_azrael, uniq_nessos
Lair:1:   layout_chaotic_city
Lair:2:   layout_big_grid, nicolae_quartered_pool_medium, roderic_batcave,
          grunt_megastairs_5, uniq_gastronok
Lair:3:   layout_roguey, swamp_mist, uniq_nergalle
Lair:4:   layout_cave_pods, minmay_snake_entry_guardpost_medium,
          serial_bayou_pond_b, chequers_serial_rivers_micro_c,
          beast_lair_carwin_2
Lair:5:   layout_regular_city, slime_dummy, wad_woods_06, lemuel_fruit_fields
Lair:6:   hangedman_lair_in_review, layout_long_grid,
          hangedman_lair_caniforms_friends, gammafunk_ghost_cemetery,
          special_room [special_room_mythical_zoo]
Swamp:1:  layout_basic_swamp, basic_altar
Swamp:2:  layout_basic_swamp, evilmike_swamp_ruin_rubble_1, swamp_pool4,
          nicolae_swamp_alligator_family, infiniplex_staircase_pool
Swamp:3:  layout_basic_swamp, hangedman_swamp_ruin_wall, swamp_pool1
Swamp:4:  swamp_alternative, layout_basic_swamp, swamp_pool3, uniq_louise,
          uniq_roxanne
Snake:1:  cheibrodos_toxic_ritual, layout_onion_interference, serial_shops,
          shop, minmay_shop_grove, grunt_megastairs_4, lemuel_fruit_tree
Snake:2:  layout_grid_maze, minmay_shop_grid_forest, drop_trap, uniq_agnes,
          uniq_jorgrun
Snake:3:  layout_layer_cave, nicolae_snake_shapes, minmay_shop_star,
          serial_bayou_shore_b, uniq_vashnia
Snake:4:  grunt_snake_rune_serpentine_throne, layout_cave_pods
Orc:1:    layout_diamond_mine
Orc:2:    grunt_orc_tribal_feast, layout_diamond_mine, serial_shops,
          nicolae_shop_stone
Vaults:1: ebering_vaults_ghost_disaster_area, hangedman_vaults_capsules,
          ontoclasm_vaults_loading_screen, vaults_room_door_ring,
          v_alt_pattern_5, nicolae_vaults_network_star,
          ontoclasm_vaults_shuriken, ontoclasm_vaults_decontamination,
          nicolae_vaults_mini_display_case, grunt_vaults_diagonal,
          vaults_mumra_chevron_long, v_misc_23, layout_vaults_big_room,
          serial_shops, shop, uniq_aizul
Vaults:2: hangedman_vaults_stagger, grunt_vaults_twisty,
          nicolae_vaults_quartermaster, minmay_crypt_entry_simple_sparse,
          v_misc_13, ontoclasm_vaults_tryst, v_misc_25,
          nicolae_vaults_puzzle_piece, nicolae_vaults_angled_halls,
          hangedman_vaults_nodes, hangedman_vaults_trim,
          ontoclasm_vaults_ring_small, ontoclasm_vaults_ligature,
          vaults_dpeg_ring, vaults_dpeg_encased_lava, layout_vaults_maze,
          uniq_mennas
Vaults:3: gammafunk_vaults_ghost_grave, v_misc_18, v_alt_pattern_2,
          hangedman_vaults_corner_blocks, v_misc_8, vaults_mumra_minichess,
          hangedman_vaults_cutoff, grunt_vaults_hallway_short,
          vaults_room_door_hall, vaults_room_pool, v_misc_25,
          layout_vaults_omnicross, serial_shops, shop, uniq_boris, uniq_jory,
          uniq_mara

Skill      XL: |  1  2  3  4  5  6  7  8  9 10 11 12 13 14 15 16 17 18 19 20 |
---------------+-------------------------------------------------------------+-----
Earth Magic    | 4 5 6 7 8 10 12 13 14 15 17 18 | 18.4
Dodging        | 2 3 4 5 6 7 8 9 10 | 10.7
Stealth        | 3 4 5 |  5.9
Necromancy     | 1 2 3 5 7 8 9 10 11 13 14 | 14.9
Spellcasting   | 3 4 5 7 8 10 11 | 11.4
Shields        | 2 4 |  4.0
Maces & Flails | 5 8 10 11 12 | 12.0
Fighting       | 2 5 6 7 9 10 11 12 13 14 | 14.1
Translocations | 2 |  2.9
Armour         | 4 5 7 8 9 11 12 | 12.6
Evocations     | 1 3 5 |  5.8
Ice Magic      | 4 5 |  5.8
Transmutations | |  0.7

Action                   |  1- 3 |  4- 6 |  7- 9 | 10-12 | 13-15 | 16-18 | 19-21 || total
-------------------------+-------+-------+-------+-------+-------+-------+-------++-------
Melee: Dagger            |    76 |     9 |     1 |       |       |       |       ||    86
       Flail             |       |    31 |   189 |   114 |       |       |       ||   334
       Unarmed           |       |     2 |       |       |       |       |       ||     2
       Demon whip        |       |       |       |   114 |   560 |   727 |   646 ||  2047
       Morningstar       |       |       |       |       |    96 |    83 |   123 ||   302
Throw: Boomerang         |       |       |     2 |       |       |       |       ||     2
 Cast: Sandblast         |    37 |    78 |   109 |    73 |    54 |     7 |     3 ||   361
       Passwall          |       |     2 |     2 |       |     7 |       |     2 ||    13
       Animate Skeleton  |       |       |    18 |    21 |    52 |    10 |     3 ||   104
       Stone Arrow       |       |       |    10 |    39 |    46 |   115 |    26 ||   236
       Lee's Rapid Decon |       |       |    24 |    54 |   170 |   107 |    39 ||   394
       Borgnjor's Vile C |       |       |       |    40 |   152 |   134 |    58 ||   384
       Blink             |       |       |       |     3 |     6 |     7 |     1 ||    17
       Vampiric Draining |       |       |       |     1 |     2 |     9 |    17 ||    29
       Agony             |       |       |       |       |     3 |     3 |     4 ||    10
       Death Channel     |       |       |       |       |    11 |    23 |    20 ||    54
       Simulacrum        |       |       |       |       |       |    12 |    29 ||    41
Invok: Brand Weapon With |       |       |       |       |     1 |       |       ||     1
       Receive Corpses   |       |       |       |       |       |     1 |     1 ||     2
 Abil: Fly               |       |       |       |       |     1 |       |       ||     1
Evoke: Wand              |       |       |     2 |     8 |     3 |     1 |     5 ||    19
       Phantom mirror    |       |       |       |       |       |     1 |     1 ||     2
       Condenser vane    |       |       |       |       |       |       |     1 ||     1
  Use: Scroll            |       |     7 |     5 |     8 |    13 |    11 |     8 ||    52
       Potion            |       |       |       |       |     2 |       |     6 ||     8
 Stab: Sleeping          |       |     2 |     6 |       |     7 |    14 |     7 ||    36
       Distracted        |       |     1 |       |       |     4 |     9 |    10 ||    24
Armor: Robe              |    36 |    33 |     9 |       |       |       |       ||    78
       Leather armour    |       |       |   130 |   156 |    31 |       |       ||   317
       Steam dragon scal |       |       |       |       |   227 |   393 |   293 ||   913
Dodge: Dodged            |    88 |    59 |   248 |   178 |   378 |   503 |   333 ||  1787
Block: Buckler           |       |       |     5 |    64 |   131 |   268 |   366 ||   834
       Reflection        |       |       |       |       |       |    15 |    43 ||    58
